 Dungeon Crawl Stone Soup version 0.27.0-1-g7a089689b8 (webtiles) character file.

Game seed: 5978056575579208541

319 vaahaXXX the Gusty (level 6, -1/36 HPs)
             Began as a Tengu Air Elementalist on Aug 11, 2021.
             Slain by Pikel (2 damage)
             ... on level 5 of the Dungeon.
             The game lasted 00:11:54 (3012 turns).

vaahaXXX the Gusty (Tengu Air Elementalist)         Turns: 3012, Time: 00:11:55

Health: -1/36      AC:  5    Str:  8    XL:     6   Next: 45%
Magic:  0/11       EV: 16    Int: 18    God:
Gold:   116        SH:  0    Dex: 14    Spells: 1/11 levels left

rFire    . . .     SeeInvis .   d - +1 whip (flame)
rCold    . . .     Faith    .   (no shield)
rNeg     . . .     Spirit   .   a - +0 robe
rPois    .         Reflect  .   (helmet restricted)
rElec    .         Harm     .   n - +1 cloak
rCorr    .         Rampage  .   j - +0 pair of gloves
Will     .....                  (boots unavailable)
Stlth    ++........             (no amulet)
HPRegen  0.12/turn              (no ring)
MPRegen  0.12/turn              (no ring)

@: lethally poisoned (-1 -> -10), flying quickly and evasively, quick
A: beak, talons 3, nimble flight
a: no special abilities


You were on level 5 of the Dungeon.
You visited 1 branch of the dungeon, and saw 7 of its levels.

You collected 116 gold pieces.

Inventory:

Hand Weapons
 d - a +1 whip of flaming (weapon)
Missiles
 e - 17 poisoned darts (quivered)
Armour
 a - a +0 robe (worn)
 j - a +0 pair of gloves (worn)
 n - a +1 cloak (worn)
Scrolls
 b - 2 scrolls of fear {unknown}
 c - a scroll of amnesia {unknown}
 h - a scroll of vulnerability {unknown}
 i - 2 scrolls of acquirement {unknown}
 m - a scroll of magic mapping {unknown}
Potions
 g - a potion of mutation {unknown}
 k - a potion of resistance {unknown}
 l - a potion of might {unknown}


   Skills:
 + Level 2.4 Fighting
 + Level 3.8 Dodging
 - Level 2.0 Stealth
 + Level 3.2 Spellcasting
 + Level 3.7 Conjurations
 + Level 5.4 Air Magic


You had one spell level left.
You knew the following spells:

 Your Spells              Type           Power      Damage    Failure   Level
a - Shock                 Conj/Air       76%        1d7       2%          1
b - Static Discharge      Conj/Air       19%        N/A       3%          2
c - Airstrike             Air            11%        N/A       17%         4
i - Swiftness             Air            22%        N/A       5%          3

Your spell library contained the following spells:

 Spells                   Type           Power      Damage    Failure   Level


Dungeon Overview and Level Annotations

Branches:
Dungeon (7/15)
 Temple: D:4-7

Altars:
Kikubaaqudgha

Annotations:
D:4 Eustachio
D:5 Pikel


Innate Abilities, Weirdness & Mutations

You have a beak for a mouth.
You have claws for feet.
Your magical nature lets you fly swiftly and evasively.


Message History

Pikel is moderately wounded.
The lightning grounds out.
The lemure is struck by an arc of lightning.
The lemure is moderately wounded.
The lightning grounds out.
The lemure hits you!
Pikel hits you with a +0 whip of flaming!
Pikel burns you.
* * * LOW HITPOINT WARNING * * *
Casting: Static Discharge (safe; 3% risk of failure)
Confirm with . or Enter, or press ? or * to list all spells.
The lemure is struck by an arc of lightning!
The lemure is severely wounded.
Pikel is struck by an arc of lightning.
Pikel is heavily wounded.
The lightning grounds out.
The scorpion stings you.
* * * LOW HITPOINT WARNING * * *
You are lethally poisoned!
The scorpion poisons you! The lemure misses you. Pikel completely misses you.
Casting: Static Discharge (safe; 3% risk of failure)
Confirm with . or Enter, or press ? or * to list all spells.
You don't have enough magic to cast this spell.
Casting: Static Discharge (safe; 3% risk of failure)
Confirm with . or Enter, or press ? or * to list all spells.
Aiming: Shock (safe; 2% risk of failure)
Press: ? - help, Shift-Dir - straight line The zap hits Pikel.
Pikel is severely wounded.
The zap hits the lemure but does no damage.
The lemure is lightly wounded.
The zap hits the lemure.
The lemure is lightly wounded.
The zap hits the lemure.
The lemure is heavily wounded.
The zap hits the lemure.
The lemure is moderately wounded.
* * * LOW HITPOINT WARNING * * *
You feel very sick. The scorpion misses you.
Pikel hits you with a +0 whip of flaming.
You die...

#...#5.#....... #
#..5........# #. #...#
... ... #..## .. #..
....####..#### .
..#### ....(....5...##
.......
....##.55.....##.#...#
. #s.K......##...#
#.@5.>.......#.##
#.............#..#
#..$........###.##.##
.....##.......#
#.##..## #....
######### #.......
#.#.# ####..#. ..#.
##.>. ##.. #..


You could see Pikel, 4 lemures and a scorpion.

Vanquished Creatures
  A bullfrog (D:7)
  An orc priest (D:7)
  A centaur skeleton (D:7)
  Natasha (D:3)
  A killer bee zombie (D:7)
  A gnoll (D:2)
  6 adders
  10 orcs
  2 endoplasms
  2 giant cockroaches
  3 goblins
  6 hobgoblins
  10 jackals
  9 kobolds
  4 quokkas
  6 ball pythons (D:1)
  5 bats
  3 frilled lizards
  2 rats
74 creatures vanquished.

Notes
Turn   | Place    | Note
-------+----------+-------------------------------------------
     0 | D:1      | vaahaXXX the Tengu Air Elementalist began the quest for the
                  | Orb.
     0 | D:1      | Reached XP level 1. HP: 10/10 MP: 4/4
   302 | D:1      | Reached XP level 2. HP: 16/16 MP: 3/6
   870 | D:1      | Reached XP level 3. HP: 20/20 MP: 4/7
   901 | D:1      | Reached skill level 1 in Fighting
   971 | D:1      | Learned a level 2 spell: Static Discharge
   975 | D:1      | Learned a level 3 spell: Swiftness
  1621 | D:2      | Reached XP level 4. HP: 25/25 MP: 2/8
  2416 | D:3      | Gained mutation: Your magical nature lets you fly swiftly
                  | and evasively. [Tengu growth]
  2416 | D:3      | Reached XP level 5. HP: 26/30 MP: 3/10
  2621 | D:3      | Noticed Natasha
  2633 | D:3      | Killed Natasha
  2674 | D:3      | Noticed a sky beast
  2761 | D:4      | Noticed Eustachio
  2785 | D:4      | You are sucked into a shaft and drop 3 floors!
  2789 | D:7      | Reached skill level 5 in Air Magic
  2797 | D:7      | Reached XP level 6. HP: 17/35 MP: 1/11
  2802 | D:7      | Learned a level 4 spell: Airstrike
  2878 | D:7      | Noticed a sky beast
  2980 | D:5      | Entered Level 5 of the Dungeon
  2996 | D:5      | Noticed Pikel
  2997 | D:5      | Found an ancient bone altar of Kikubaaqudgha.
  3012 | D:5      | HP: 1/36 [poisoned by a scorpion]
  3012 | D:5      | Slain by Pikel

Illustrated notes

Levels and vault maps discovered:
D:1:      scummos_arrival_checkerplants, layout_basic, minmay_fountain_box,
          roderic_roman_lattice
D:2:      layout_rooms, cheibrodos_gnoll_hut
D:3:      layout_rooms, ebering_ecumenical_altar_sacrificial, uniq_natasha
D:4:      minmay_octagon_keep, layout_rooms, gup_ossuary_entry_pyramid,
          grunt_decor_clamped, uniq_eustachio
D:5:      layout_rooms, overflow_temple_1_default, nrook_uturn, uniq_pikel
D:6:      hangedman_cross_stitches, layout_basic, uniq_crazy_yiuf_cottage,
          uniq_duvessa, uniq_edmund
D:7:      layout_loops_cross, temple_fountains

Skill      XL: |  1  2  3  4  5 |
---------------+----------------+-----
Conjurations   | 2 3 |  3.7
Fighting       | 1 2 |  2.4
Dodging        | 3 |  3.8
Air Magic      | 5 |  5.4
Spellcasting   | 3 |  3.2
Stealth        | |  2.0

Action                   |  1- 3 |  4- 6 || total
-------------------------+-------+-------++-------
Melee: Unarmed           |     4 |       ||     4
       Whip              |     3 |     8 ||    11
       Kick              |     1 |     1 ||     2
       Peck              |       |     1 ||     1
 Cast: Shock             |    72 |    67 ||   139
       Static Discharge  |       |    15 ||    15
Armor: Robe              |     6 |    11 ||    17
Dodge: Dodged            |    12 |    33 ||    45
